AoeStats
← Vekenification

Arena

510620359Analyzed
1v1 RM · 2d ago on Oct 1, 2026· 25m 43s· 2 players
Game mode
Random Map
Map size
Tiny (2 player)
Population
200
Speed
Normal
Resources
Standard
Victory
Conquest
Starting age
Dark Age
Ending age
Imperial Age
RankedLock teamsTeams togetherTeam positionsShared explorationLock speedFull tech treeHidden civsTurbo modeCheats
Victory
Defeat
🇩🇪 Khmer · Germany
1051
+17
🇨🇱 Spanish · Chile
1064
-17
Vekenification
8:19 Loom
10:12 Feudal Age
10:39 Loom
15:31 Castle Age
19:31 Double-Bit Axe
StarPlatinumEM
11:13 Feudal Age
15:52 Castle Age
14:16 Loom
19:41 Padded Archer Armor
Connection lost

Rejoining the realm…

Still unreachable

The connection could not be restored.

Session expired

The server has moved on; the page needs a fresh start.